AoeStats
← photphet

Arena

507438555Analyzed
4v4 RM · 15d ago on Sep 18, 2026· 34m 28s· 8 players
Game mode
Random Map
Map size
Large (8 player)
Population
200
Speed
Normal
Resources
Standard
Victory
Conquest
Starting age
Dark Age
Ending age
Imperial Age
RankedLock teamsTeams togetherTeam positionsShared explorationLock speedFull tech treeHidden civsTurbo modeCheats
Victory
Defeat
🇮🇳 Saracens · India
907
+10
🇺🇸 Maya · United States
808
+14
🇹🇷 Japanese · Türkiye
796
+14
🇮🇩 Cumans · Indonesia
748
+16
🇨🇳 Japanese · China
821
-16
🇯🇵 Bohemians · Japan
803
-15
🇹🇭 Teutons · Thailand
753
-13
🇹🇷 Chinese · Türkiye
666
-10
photphet
11:43 Feudal Age
12:47 Double-Bit Axe
15:41 Castle Age
14:10 Loom
15:49 Padded Archer Armor
16:32 Horse Collar
19:58 Wheelbarrow
20:09 Bow Saw
23:31 Chemistry
22:53 Ballistics
26:11 Town Watch
Shirai Kuroko
0:47 Loom
11:55 Feudal Age
12:17 Horse Collar
12:30 Double-Bit Axe
12:51 Town Watch
15:23 Wheelbarrow
15:33 Wheelbarrow
17:16 Arson
21:08 Loom
24:56 Castle Age
23:36 Forging
23:26 Scale Mail Armor
23:33 Scale Barding Armor
23:29 Padded Archer Armor
23:21 Fletching
26:34 Heavy Plow
26:46 Bow Saw
26:29 Stone Mining
26:29 Gold Mining
29:16 Stone Shaft Mining
29:18 Squires
29:05 Gambesons
28:42 Pikeman
32:36 Elite Skirmisher
Misaka Mikoto
9:29 Feudal Age
9:57 Double-Bit Axe
9:53 Horse Collar
19:25 Castle Age
18:10 Scale Barding Armor
18:10 Arson
18:49 Scale Mail Armor
18:59 Forging
19:15 Stone Mining
19:22 Gold Mining
20:30 Squires
21:38 Loom
23:00 Scale Barding Armor
23:14 Chain Mail Armor
27:54 Iron Casting
28:14 Town Watch
28:43 Bow Saw
28:37 Heavy Plow
34:03 Imperial Age
34:37 Fortified Wall
35:08 Conscription
The kantinci
19:24 Feudal Age
20:43 Double-Bit Axe
21:09 Gold Mining
21:15 Stone Mining
25:13 Padded Archer Armor
25:03 Fletching
28:45 Castle Age
29:18 Man-at-Arms
31:10 Leather Archer Armor
30:50 Bodkin Arrow
30:36 Long Swordsman
31:47 Scale Mail Armor
31:57 Forging
33:37 Bow Saw
Lagi Gabut
0:27 Loom
11:22 Feudal Age
13:24 Horse Collar
23:17 Wheelbarrow
24:32 Double-Bit Axe
27:55 Castle Age
28:41 Scale Mail Armor
28:53 Forging
28:20 Capped Ram
29:00 Pikeman
29:41 Squires
29:49 Heavy Plow
30:13 Bow Saw
35:00 Chain Mail Armor
35:20 Iron Casting
ozgurulas90
14:08 Feudal Age
14:51 Double-Bit Axe
14:50 Horse Collar
16:39 Stone Mining
16:39 Gold Mining
19:46 Castle Age
17:59 Forging
17:50 Scale Mail Armor
21:24 Heavy Plow
21:37 Bow Saw
28:17 Iron Casting
27:58 Chain Mail Armor
28:41 Gold Shaft Mining
BLYAAAT
11:22 Feudal Age
12:06 Horse Collar
12:13 Double-Bit Axe
12:44 Stone Mining
23:19 Castle Age
24:42 Heavy Plow
26:16 Caravan
27:17 Scale Barding Armor
27:23 Forging
27:30 Husbandry
32:25 Imperial Age
31:18 Iron Casting
31:15 Bloodlines
31:51 Gold Mining
33:47 Conscription
34:46 Chain Barding Armor
35:25 Wheelbarrow
leofim11
0:47 Loom
11:47 Feudal Age
13:10 Wheelbarrow
12:24 Double-Bit Axe
12:21 Horse Collar
12:35 Gold Mining
13:37 Stone Mining
18:01 Town Watch
22:13 Castle Age
21:34 Fletching
21:45 Padded Archer Armor
24:01 Hand Cart
23:59 Bow Saw
23:51 Heavy Plow
26:18 Caravan
27:19 Bodkin Arrow
27:39 Leather Archer Armor
31:39 Town Patrol
31:40 Elite Skirmisher
Connection lost

Rejoining the realm…

Still unreachable

The connection could not be restored.

Session expired

The server has moved on; the page needs a fresh start.